 Dungeon Crawl Stone Soup version 0.17.0-26-gececa24 (webtiles) character file.

7985 MirrMurr the Thaumaturge (level 11, -9/61 HPs)
             Began as an Octopode Wizard on Nov 19, 2015.
             Was a High Priest of Sif Muna.
             Mangled by a hill giant
             ... wielding a +0 giant club
              (23 damage)
             ... on level 10 of the Dungeon on Nov 20, 2015.
             The game lasted 01:06:09 (17340 turns).

MirrMurr the Thaumaturge (Octopode Wizard)         Turns: 17340, Time: 01:06:09

Health: -9/61      AC: 13    Str:  6    XL:     11   Next: 23%
Magic:  15/24      EV: 12    Int: 24    God:    Sif Muna [*****.]
Gold:   350        SH:  0    Dex: 11    Spells: 8 memorised, 10 levels left

rFire  . . .     SeeInvis +     a - +0 rapier (venom)
rCold  . . .     Clarity  .     (no shield)
rNeg   + . .     SustAt   .     e - +1 hat
rPois  .         Gourm    .     (no amulet)
rElec  .         Spirit   .     t - +6 ring of protection
rCorr  .         Warding  .     d - ring of positive energy
rMut   .         Stasis   .     x - ring of wizardry
MR     .....                    B - ring of see invisible
Stlth  +++.......               D - +3 ring of protection
                                V - +2 ring of protection
                                (no ring)
                                (no ring)

@: not resistant to hostile enchantments, fairly stealthy
A: almost no armour, amphibious, 8 rings, constrict 8, camouflage 1, gelatinous
body 1
a: Channel Energy, Forget Spell, Renounce Religion


You were on level 10 of the Dungeon.
You worshipped Sif Muna.
Sif Muna was extremely pleased with you.
You were not hungry.

You visited 2 branches of the dungeon, and saw 12 of its levels.

You collected 469 gold pieces.
You spent 119 gold pieces at shops.

Inventory:

Hand Weapons
 a - a +0 rapier of venom (weapon)
 b - a +0 blowgun
 r - a +3 flail
 O - a +2 dagger of protection
 X - a +1 dagger of chaos
Missiles
 f - 307 stones
 w - 2 throwing nets
 y - 61 poisoned needles
 K - 4 tomahawks (quivered)
Armour
 e - a +1 hat (worn)
Jewellery
 d - a ring of positive energy (right tentacle)
 k - a cursed ring of teleportation
 t - a +6 ring of protection (left tentacle)
 x - a ring of wizardry (on tentacle)
 B - a ring of see invisible (on tentacle)
 C - the ring of the Invisible Hand {rElec Str-3 Int+3 Stlth-}
   (You found it on level 4 of the Dungeon)

   [ring of loudness]

   It affects your strength (-3).
   It affects your intelligence (+3).
   It insulates you from electricity.
   It makes you less stealthy.
 D - a +3 ring of protection (on tentacle)
 I - an uncursed amulet of rage
 V - a +2 ring of protection (on tentacle)
Wands
 n - a wand of draining (9)
 A - a wand of teleportation (9)
 E - a wand of confusion (22)
 H - a wand of random effects (19)
 J - a wand of fire (0)
 P - a wand of slowing (18)
Scrolls
 g - 3 scrolls of teleportation
 i - 3 scrolls of identify
 s - 7 scrolls of remove curse
 F - a scroll of recharging
 U - a scroll of amnesia
Potions
 h - a potion of heal wounds
 j - 2 potions of might
 l - 4 potions of brilliance
 q - 4 potions of curing
 v - 2 potions of flight
 L - a potion of berserk rage {unknown}
 M - 2 potions of resistance {unknown}
 N - a potion of ambrosia {unknown}
 W - 2 potions of agility
 Z - a potion of haste
Books
 m - a book of Party Tricks

   Spells                             Type                      Level
   a - Summon Butterflies             Summoning                    1
   b - Apportation                    Translocation                1
   c - Tukima's Dance                 Hexes                        3
   d - Alistair's Intoxication        Transmutation/Poison         4
   e - Invisibility                   Hexes                        6
 z - a book of Debilitation

   Spells                             Type                      Level
   a - Corona                         Hexes                        1
   b - Slow                           Hexes                        2
   c - Gell's Gravitas                Hexes/Translocation          3
   d - Inner Flame                    Hexes/Fire                   3
   e - Cause Fear                     Hexes                        4
   f - Leda's Liquefaction            Hexes/Earth                  4
 G - a book of Hinderance

   Spells                             Type                      Level
   a - Confusing Touch                Hexes                        2
   b - Confuse                        Hexes                        3
   c - Gell's Gravitas                Hexes/Translocation          3
   d - Petrify                        Transmutation/Earth          4
   e - Metabolic Englaciation         Hexes/Ice                    5
 Q - a book of Frost

   Spells                             Type                      Level
   a - Freeze                         Ice                          1
   b - Throw Frost                    Conjuration/Ice              2
   c - Ozocubu's Armour               Charms/Ice                   3
   d - Throw Icicle                   Conjuration/Ice              4
   e - Summon Ice Beast               Ice/Summoning                4
   f - Condensation Shield            Ice                          4
 R - a book of Necromancy

   Spells                             Type                      Level
   a - Pain                           Necromancy                   1
   b - Animate Skeleton               Necromancy                   1
   c - Vampiric Draining              Necromancy                   3
   d - Regeneration                   Charms/Necromancy            3
   e - Animate Dead                   Necromancy                   4
   f - Control Undead                 Necromancy                   4
 S - a book of Minor Magic

   Spells                             Type                      Level
   a - Magic Dart                     Conjuration                  1
   b - Blink                          Translocation                2
   c - Call Imp                       Summoning                    2
   d - Repel Missiles                 Charms/Air                   2
   e - Slow                           Hexes                        2
   f - Conjure Flame                  Conjuration/Fire             3
   g - Mephitic Cloud                 Conjuration/Poison/Air       3
 Y - a book of Battle

   Spells                             Type                      Level
   a - Infusion                       Charms                       1
   b - Shroud of Golubria             Charms/Translocation         2
   c - Song of Slaying                Charms                       2
   d - Spectral Weapon                Hexes/Charms                 3
   e - Regeneration                   Charms/Necromancy            3
Comestibles
 c - 2 bread rations
 o - 4 fruits
 p - 4 meat rations
 T - a beef jerky


   Skills:
 - Level 2.0 Dodging
 - Level 2.6 Stealth
 * Level 9.5 Spellcasting
 - Level 9.1 Conjurations
 + Level 4.2 Charms
   Level 1.0 Summonings
 + Level 3.1 Necromancy
 + Level 4.9 Translocations
 + Level 4.0 Fire Magic
 + Level 4.2 Air Magic
 + Level 5.4 Poison Magic


You had 10 spell levels left.
You knew the following spells:

 Your Spells              Type           Power        Failure   Level  Hunger
a - Magic Dart            Conj           ####         1%          1    None
b - Blink                 Tloc           N/A          1%          2    None
c - Conjure Flame         Conj/Fire      #####...     1%          3    None
d - Vampiric Draining     Necr           ####......   1%          3    None
e - Regeneration          Chrm/Necr      ####......   1%          3    None
m - Mephitic Cloud        Conj/Pois/Air  #####...     1%          3    None
r - Repel Missiles        Chrm/Air       ####..       1%          2    None
s - Shroud of Golubria    Chrm/Tloc      ####......   1%          2    None


Dungeon Overview and Level Annotations

Branches:
Dungeon (11/15)            Temple (1/1) D:6            Lair (0/8) D:8
    Orc (0/4) D:9

Altars:
Ashenzari
Cheibriados
Dithmenos
Elyvilon
Fedhas
Gozag
Kikubaaqudgha
Makhleb
Nemelex Xobeh
Okawaru
Qazlal
Ru
Sif Muna
Trog
Vehumet
Xom
Yredelemnul
Zin
The Shining One

Shops:
D:5 !

Annotations:
D:8 exclusion: door
D:10 come back


Innate Abilities, Weirdness & Mutations

You cannot wear most types of armour.
You are amphibious.
You can wear up to eight rings at the same time.
You can use your tentacles to constrict eight enemies at once.
Your skin changes colour to match your surroundings (Stealth).
Your rubbery body absorbs attacks (AC +1).


Message History

There is a stone staircase leading down here.
Casting: Magic Dart
Confirm with . or Enter, or press ? or * to list all spells.
You blink.
The hill giant hits you with a giant club!
* * * LOW HITPOINT WARNING * * *
Casting: Blink
Confirm with . or Enter, or press ? or * to list all spells.
You blink.
Found 8 gold pieces.
A crocodile comes into view.
There is an open door here.
Found a copper wand.
A big kobold comes into view. It is wielding a falchion of flaming.
The green ugly thing misses you.
There is an open door here.
The hill giant hits you but does no damage.
The green ugly thing completely misses you.
The hill giant hits you with a giant club!!
You die...

###########
#.........#
#.........#
#.........#
#.....[...#
#.........#
+.........#
#.........#
#>.....u@.##
#......C...#
#######t##K#
#$..# .#
#'### # ...
#... #...
#...


You could see a green ugly thing, a hill giant, a crocodile and a big kobold
(wandering).

Vanquished Creatures
  A wizard (D:10)
  The ghost of EuServersOMG the Slicer, a novice HaWr of Ashenzari (D:4)
  Maurice (D:9)
  Psyche (D:9)
  Sigmund (D:2)
  A wraith (D:10)
  2 hippogriffs
  2 wargs
  A hungry ghost (D:8)
  3 ice beasts
  A phantom (D:8)
  5 ogres
  6 orc warriors
  A water moccasin (D:8)
  A large abomination (D:11)
  2 sky beasts
  3 centaurs
  A big kobold (D:8)
  5 giant frogs
  3 scorpions
  A water moccasin skeleton (D:10)
  7 killer bees (D:8)
  6 jellies
  12 wights
  2 crimson imps
  A centaur zombie (D:8)
  A quasit (D:6)
  5 centaur skeletons
  A giant frog zombie (D:5)
  6 hounds
  11 orc priests
  2 giant frog skeletons
  2 iguanas (D:6)
  8 worker ants
  Jessica (D:3)
  Terence (D:2)
  Natasha (thrice) (D:2)
  8 orc wizards
  2 hound zombies (D:8)
  A hound skeleton (D:9)
  2 worker ant zombies
  Robin (D:2)
  13 adders
  5 gnolls
  4 shadow imps
  2 oozes (D:1)
  2 worms
  4 adder skeletons
  An adder zombie (D:8)
  6 giant geckos
  43 orcs
  A ball python (D:3)
  11 giant cockroaches
  7 hobgoblins
  14 kobolds
  4 quokkas
  7 bats
  2 giant gecko skeletons
  5 giant newts
  17 goblins
  5 jackals
  2 quokka skeletons
  9 rats
  A spectral orc (D:8)
291 creatures vanquished.

Vanquished Creatures (collateral kills)
  2 killer bees (D:8)
2 creatures vanquished.

Grand Total: 293 creatures vanquished

Notes
Turn   | Place    | Note
--------------------------------------------------------------
     0 | D:1      | MirrMurr the Octopode Wizard began the quest for the Orb.
     0 | D:1      | Reached XP level 1. HP: 11/11 MP: 4/4
   392 | D:1      | Reached XP level 2. HP: 10/17 MP: 0/6
  1023 | D:1      | Reached XP level 3. HP: 16/21 MP: 1/8
  1092 | D:1      | Learned a level 2 spell: Blink
  1096 | D:1      | Learned a level 3 spell: Conjure Flame
  1110 | D:1      | Learned a level 3 spell: Mephitic Cloud
  1740 | D:2      | Noticed Natasha
  1759 | D:2      | Killed Natasha
  1759 | D:2      | Reached skill level 4 in Spellcasting
  1759 | D:2      | Reached XP level 4. HP: 16/27 MP: 1/10
  1878 | D:2      | Noticed Natasha
  1886 | D:2      | Killed Natasha
  1958 | D:2      | Noticed Natasha
  1961 | D:2      | Killed Natasha
  2179 | D:2      | Noticed Terence
  2254 | D:2      | Killed Terence
  2523 | D:2      | Noticed Robin
  2547 | D:2      | Killed Robin
  2547 | D:2      | Reached XP level 5. HP: 19/31 MP: 0/11
  3245 | D:2      | Found a glowing golden altar of the Shining One.
  3441 | D:2      | Noticed Sigmund
  3455 | D:2      | Killed Sigmund
  3455 | D:2      | Reached XP level 6. HP: 36/36 MP: 5/13
  3625 | D:2      | Found a burning altar of Makhleb.
  3874 | D:3      | Noticed Jessica
  3886 | D:3      | Killed Jessica
  3886 | D:3      | Reached skill level 5 in Spellcasting
  4223 | D:3      | Reached skill level 5 in Conjurations
  4572 | D:4      | Found an iron altar of Okawaru.
  4583 | D:4      | Noticed EuServersOMG's ghost (novice HaWr)
  4626 | D:4      | Got a glittering iron ring
  4631 | D:4      | Identified the ring of the Invisible Hand {rElec Str-3 Int+3 Stlth-} (You found it on level 4 of the Dungeon)
  4740 | D:4      | Learned a level 2 spell: Repel Missiles
  4762 | D:4      | Reached XP level 7. HP: 37/41 MP: 5/14
  5049 | D:4      | Killed EuServersOMG's ghost
  5049 | D:4      | Reached skill level 6 in Conjurations
  5242 | D:5      | Entered Level 5 of the Dungeon
  5256 | D:4      | Reached XP level 8. HP: 37/46 MP: 16/16
  5418 | D:4      | Reached skill level 7 in Conjurations
  6112 | D:5      | Found a basalt altar of Yredelemnul.
  6476 | D:5      | Reached skill level 8 in Conjurations
  6659 | D:5      | Found Gul Vuk's Distillery.
  6663 | D:5      | Bought a potion of heal wounds for 70 gold pieces
  6663 | D:5      | Bought a potion of poison for 14 gold pieces
  6663 | D:5      | Bought a potion of mutation for 35 gold pieces
  6817 | D:6      | Found a staircase to the Ecumenical Temple.
  6826 | Temple   | Entered the Ecumenical Temple
  6830 | Temple   | Became a worshipper of Sif Muna the Loreminder
  7288 | D:6      | Reached * piety under Sif Muna
  7288 | D:6      | Reached XP level 9. HP: 35/51 MP: 12/19
  7309 | D:6      | Found a shimmering altar of Xom.
  7362 | D:6      | Reached skill level 9 in Conjurations
  7671 | D:6      | Found an opulent altar of Gozag.
  8379 | D:6      | Reached skill level 1 in Fire Magic
  8454 | D:6      | Reached skill level 1 in Poison Magic
  8647 | D:7      | Reached skill level 1 in Air Magic
  8775 | D:7      | Reached skill level 1 in Charms
  9267 | D:7      | Reached ** piety under Sif Muna
 10405 | D:6      | Reached XP level 10. HP: 51/56 MP: 15/22
 10741 | D:7      | Reached *** piety under Sif Muna
 11477 | D:8      | Found a snail-covered altar of Cheibriados.
 11960 | D:8      | HP: 2/56 [wyvern (11)]
 12009 | D:7      | Learned a level 3 spell: Vampiric Draining
 12013 | D:7      | Learned a level 3 spell: Regeneration
 13078 | D:8      | Reached skill level 1 in Necromancy
 13777 | D:8      | Reached **** piety under Sif Muna
 13849 | D:8      | Found a staircase to the Lair.
 14995 | D:8      | Found a basalt altar of Yredelemnul.
 15017 | D:9      | Noticed Maurice
 15022 | D:9      | Found an ancient bone altar of Kikubaaqudgha.
 15029 | D:9      | Killed Maurice
 15201 | D:9      | Noticed Psyche
 15221 | D:9      | Killed Psyche
 15221 | D:9      | Reached ***** piety under Sif Muna
 15269 | D:9      | Reached skill level 5 in Poison Magic
 15487 | D:9      | Learned a level 2 spell: Shroud of Golubria
 15706 | D:9      | Reached XP level 11. HP: 61/61 MP: 14/24
 15768 | D:9      | Found a staircase to the Orcish Mines.
 16079 | D:10     | Entered Level 10 of the Dungeon
 16940 | D:10     | Noticed a wizard
 16952 | D:10     | Killed a wizard
 16981 | D:10     | Noticed a large abomination
 17322 | D:11     | Found a sparkling altar of Nemelex Xobeh.
 17333 | D:10     | Noticed a hill giant
 17340 | D:10     | Mangled by a hill giant

Action                   |  1- 3 |  4- 6 |  7- 9 | 10-12 || total
-------------------------+-------+-------+-------+-------++-------
Melee: Whip              |    41 |    84 |   166 |   145 ||   436
       Rapier            |       |       |       |   131 ||   131
 Fire: Blowgun           |       |       |       |    17 ||    17
 Cast: Magic Dart        |    69 |   127 |   367 |   373 ||   936
       Mephitic Cloud    |       |     2 |    10 |    21 ||    33
       Conjure Flame     |       |       |    14 |    15 ||    29
       Blink             |       |       |     4 |    22 ||    26
Invok: Channel Energy    |       |       |    12 |       ||    12
  Use: Scroll            |     4 |     9 |     3 |     3 ||    19
       Potion            |       |     3 |     4 |     5 ||    12
 Stab: Sleeping          |     1 |       |       |       ||     1
       Invisible         |       |     3 |       |       ||     3
       Confused          |       |     1 |     5 |     6 ||    12
  Eat: Chunk             |     2 |    10 |    13 |    22 ||    47
       Royal jelly       |       |       |     1 |       ||     1
       Beef jerky        |       |       |     1 |       ||     1
       Fruit             |       |       |     2 |     1 ||     3
       Pizza             |       |       |     1 |       ||     1
       Meat ration       |       |       |       |     1 ||     1
